[Event "*** Titled Tuesday Blitz"]
[Site "Chess.com"]
[Date "2020.05.05"]
[Round "9"]
[White "MartinCerveny"]
[Black "Macron20hTF1"]
[Result "1/2-1/2"]
[WhiteElo "2592"]
[BlackElo "2397"]
[TimeControl "180+1"]
[EndTime "11:48:43 PDT"]
[Termination "Game drawn - insufficient material"]

1. d4 Nf6 2. c4 e6 3. Nf3 b6 4. g3 Bb7 5. Bg2 Be7 6. O-O O-O 7. d5 exd5 8. Nh4 Na6 9. cxd5 Nc5 10. Nc3 a5 11.
Re1 Re8 12. e4 d6 13. f4 Bf8 14. e5 Nfd7 15. e6 fxe6 16. dxe6 Bxg2 17. Kxg2 Nxe6 18. Qd5 Nf6 19. Qc4 d5 20. Qc6 Nd4 21. Rxe8 Nxc6 22. Rxd8 Rxd8 23. Bd2 d4 24. Nb5 Ne4 25. Rd1 Rd7 26.
Kf3 Nc5 27. g4 g6 28. Ng2 d3 29. Be3 Na4 30. b3 Nc5 31. Ne1 Nb4 32. a3 Nc2 33. Nxc2 dxc2 34. Rxd7 Nxd7 35. Bc1 Nc5 36. Nd4 Bg7 37.
Nxc2 Nxb3 38. Be3 c5 39. Ke4 Kf7 40. Kd5 Ke7 41. Kc6 Nd4+ 42. Bxd4 cxd4 43. Ne1 Ke6 44.
Nd3 Bf8 45. a4 Bc5 46. h4 h5 47. f5+ gxf5 48. gxh5 Kf6 49. Kd5 Kg7 50. Ke5 Kh6 51. Nf4 Kh7 52. Kxf5 b5 53. axb5 a4 54. Nd3 Bb6 55.
Ke4 a3 56. Nc1 Kh6 57. Kd3 Kxh5 58. Kc4 Kxh4 59. Kb3 Kg3 60. Kxa3 Kf3 61. Kb3 Ke4 62. Kc4 Ke5 63. Nd3+ Kd6 64. Nb4 Kc7 65. Nc2 Kb7 66. Nxd4 Bxd4 67. Kxd4 Kb6 68. Ke4 Kxb5 1/2-1/2

[Event "*** Titled Tuesday Blitz"]
[Site "Chess.com"]
[Date "2020.05.05"]
[Round "9"]
[White "karinachess1"]
[Black "manmanlai1"]
[Result "1-0"]
[WhiteElo "2471"]
[BlackElo "2333"]
[TimeControl "180+1"]
[EndTime "11:48:43 PDT"]
[Termination "karinachess1 won by resignation"]

1. e4 c5 2. Nf3 e6 3. d4 cxd4 4. Nxd4 Nc6 5. Nc3 Qc7 6. Be2 a6 7. O-O b5 8. Nxc6 dxc6 9. f4 Bc5+ 10. Kh1 Bb7 11. Bf3 Ne7 12. Qe2 Rd8 13. Be3 Bxe3 14. Qxe3 c5 15. Rad1 O-O 16. Ne2 e5 17. f5 f6 18. Ng3 Qb6 19. b4 Qc7 20. Qxc5 Qxc5 21. bxc5 Kf7 22. Bh5+ g6 23. fxg6+ hxg6 24. Bg4 Nc6 25. Rd6 Rxd6 26. cxd6 Rd8 27. Rd1 Nd4 28. c3 Ne6 29. Kg1 Nc5 30. Bf3 Bc6 31. Kf2 Nb7 32. d7 Bxd7 33. Ke3 Ke7 34. Be2 Rc8 35. Rc1 Be6 36. a3 Nc5 37. Bd1 Rh8 38. h3 Rc8 39. Nf1 Rd8 40. Bc2 Rc8 41. Nd2 Nd7 42. Bd1 Nb6 43.
Kf3 Rc7 44. Ke3 g5 45. Kf3 Bf7 46. Ke3 Bg8 47. Kf3 Be6 48. Ke3 Bf7 49. Kf3 Bh5+ 50. g4 Bf7 51. Kg3 Be6 52. h4 gxh4+ 53. Kxh4 Rd7 54. Nf3 Nc4 55. g5 Nxa3 56. gxf6+ Kxf6 57. Ng5 Bc4 58. Bg4 a5 59. Bxd7 1-0

[Event "*** Titled Tuesday Blitz"]
[Site "Chess.com"]
[Date "2020.05.05"]
[Round "9"]
[White "joksijoksi"]
[Black "White_Ghost"]
[Result "1/2-1/2"]
[WhiteElo "2330"]
[BlackElo "2447"]
[TimeControl "180+1"]
[EndTime "11:48:43 PDT"]
[Termination "Game drawn by repetition"]

1. d4 Nf6 2. c4 d6 3. Nf3 Nbd7 4. Nc3 g6 5. e4 e5 6. Be2 Bg7 7. O-O O-O 8. Re1 a6 9. Bf1 c6 10. h3 Qc7 11. Be3 Re8 12. a4 exd4 13. Bxd4 Ne5 14. a5 Be6 15. b3 Nfd7 16. Nxe5 dxe5 17. Be3 Bf8 18. Qc2 Bb4 19. Red1 Bxa5 20. Na4 b5 21. Nc5 Nxc5 22. Bxc5 Red8 23. Rxd8+ Rxd8 24. b4 Bb6 25. Rxa6 Bxc5 26. bxc5 b4 27. Qa4 Rd1 28. Qxd1 Qb7 29.
Rb6 Qe7 30. Rxb4 Qxc5 31. Rb3 h5 32. Rg3 Kh7 33. Re3 Kg7 34. Qc1 Qd4 35. Qc3 Qd1 36. Qd3 Qa4 37. Qd6 Qa6 38. Qxe5+ Kh7 39. c5 Qa2 40.
Rf3 Qb1 41. Qc7 Kg7 42. Kh2 Qxf1 43. Qe5+ Kg8 44. Qb8+ Kg7 45. Qe5+ Kg8 46. Rg3 Qxf2 47. Rxg6+ fxg6 48. Qxe6+ Kh7 49. Qd5 Qf4+ 50. g3 Qf2+ 51. Kh1 Qf1+ 52. Kh2 Qf2+ 53. Kh1 Qf1+ 54. Kh2 Qf2+ 1/2-1/2

[Event "*** Titled Tuesday Blitz"]
[Site "Chess.com"]
[Date "2020.05.05"]
[Round "9"]
[White "mfwagnerpeixoto"]
[Black "Cocaino74"]
[Result "0-1"]
[WhiteElo "2204"]
[BlackElo "2349"]
[TimeControl "180+1"]
[EndTime "11:48:45 PDT"]
[Termination "Cocaino74 won by checkmate"]

1. e4 c5 2. Nf3 Nc6 3. d4 cxd4 4. Nxd4 g6 5. Nc3 Bg7 6. Be3 Nf6 7. Bc4 O-O 8. Bb3 d6 9. f3 Bd7 10. Qd2 Na5 11.
O-O Rc8 12. Qe2 a6 13. Qf2 b5 14. Rad1 Nc4 15. Bc1 e5 16. Nde2 Be6 17. Kh1 Qe7 18. Qh4 b4 19. Na4 Qc7 20. Bg5 Nd7 21. Rd3 f6 22. Bc1 Nc5 23. Nxc5 Qxc5 24. Qf2 Qxf2 25. Rxf2 Rfd8 26. Rf1 a5 27. Rfd1 Bf8 28. h3 Kf7 29. Kh2 Ra8 30. Ba4 Nb6 31. Bc6 Rac8 32. Bd5 Nxd5 33.
exd5 Bf5 34. R3d2 Bxc2 35. f4 Bxd1 36. Rxd1 e4 37. Ng3 f5 38. Ne2 Bg7 39. Be3 Bxb2 40. Nd4 Bxd4 41. Bxd4 Rc2 42. Kg3 Rdc8 43. h4 Rc1 44.
Rd2 R8c2 45. Be3 Rxd2 46. Bxd2 Rd1 47. Be3 Rxd5 48. h5 a4 49. hxg6+ hxg6 50. Kh4 Rd3 51. Kg5 Rxe3 52. g3 Rxg3+ 53. Kh4 Rg4+ 54. Kh3 e3 55. a3 e2 56. axb4 e1=Q 57. b5 Qh1# 0-1

[Event "*** Titled Tuesday Blitz"]
[Site "Chess.com"]
[Date "2020.05.05"]
[Round "9"]
[White "elohunter1999"]
[Black "Evgeny81"]
[Result "0-1"]
[WhiteElo "2534"]
[BlackElo "2680"]
[TimeControl "180+1"]
[EndTime "11:48:46 PDT"]
[Termination "Evgeny81 won by resignation"]

1. e4 e6 2. d4 d5 3. Nc3 Nf6 4. e5 Nfd7 5. f4 c5 6. Nf3 Nc6 7. Be3 Be7 8. Qd2 O-O 9. dxc5 Nxc5 10. a3 a6 11. Qf2 b6 12. b4 Nd7 13. Bd3 Bb7 14.
Nd4 Nxd4 15. Bxd4 Bh4 16. g3 Be7 17. O-O Qc7 18. Rae1 Nc5 19. Rc1 Rac8 20. Ne2 Ne4 21. Qe3 Qc6 22. c3 a5 23. b5 Qd7 24. a4 Nc5 25.
Bc2 Ne4 26. Bd3 Bc5 27. Kh1 Qe7 28. Bxc5 Nxc5 29. Nd4 Nxa4 30. f5 exf5 31. Rxf5 Rxc3 32. Rxc3 Nxc3 33. Rh5 Ne4 34. Nf5 Qa3 35. Nh6+ Kh8 36.
Kg2 Qb2+ 37. Kh3 d4 38. Qf4 Bc8+ 39. Ng4 Nf2+ 40. Kh4 Nxd3 41. Rxh7+ Kxh7 42. Nf6+ Kg6 43. Qe4+ Bf5 44. Qf3 gxf6 45. Qh5+ Kg7 46. Qxf5 Rh8+ 47. Kg4 Nxe5+ 0-1

[Event "*** Titled Tuesday Blitz"]
[Site "Chess.com"]
[Date "2020.05.05"]
[Round "9"]
[White "calin_dragomirescu"]
[Black "picturesquecheck"]
[Result "0-1"]
[WhiteElo "2287"]
[BlackElo "2105"]
[TimeControl "180+1"]
[EndTime "11:48:46 PDT"]
[Termination "picturesquecheck won by checkmate"]

1. Nf3 d6 2. c4 c5 3. g3 Nc6 4. Bg2 Nf6 5. O-O g6 6. Nc3 Bg7 7. d4 cxd4 8. Nxd4 Bd7 9. e3 O-O 10.
b3 Rc8 11. Bb2 a6 12. Rc1 Qc7 13. h3 Rfd8 14. Kh2 e5 15. Nde2 Be6 16. Nd5 Qb8 17. Nec3 Bxd5 18. Nxd5 Nxd5 19. Bxd5 Kf8 20. a4 Ne7 21.
Bg2 f5 22. Qd2 e4 23. Bxg7+ Kxg7 24. Rfd1 d5 25. c5 Qe5 26. b4 h5 27. h4 Kf6 28.
Qc3 Qxc3 29. Rxc3 b6 30. Bf1 a5 31. bxa5 bxc5 32. a6 c4 33. Rb1 Rd6 34. a7 Ra8 35. Rb7 Ra6 36. Bxc4 dxc4 37. Rxc4 R8xa7 38. Rxa7 Rxa7 39. Kg2 Nd5 40. Rc6+ Kg7 41. Rc4 Kh6 42. Rd4 Nc3 43. f3 exf3+ 44. Kxf3 Rxa4 45. Rd3 Nb5 46. Rd8 Nc7 47.
Rd6 Ra5 48. Rc6 Nd5 49. Rd6 Nc3 50. Rc6 Ne4 51. Kf4 Ra2 52. Rc8 Kg7 53. Ke5 Ra5+ 54.
Kf4 Ra7 55. Ke5 Re7+ 56. Kf4 Nf6 57. Kf3 Ng4 58. Rc3 Kf6 59. Rc6+ Re6 60. Rc3 Ne5+ 61. Kf2 Kg7 62. Ra3 Kh6 63. Rb3 Ng4+ 64. Kf3 Rc6 65. Ra3 Rc2 66. Rb3 Rf2# 0-1

[Event "*** Titled Tuesday Blitz"]
[Site "Chess.com"]
[Date "2020.05.05"]
[Round "9"]
[White "ElGasanov"]
[Black "Petrosyan_Tigran"]
[Result "1-0"]
[WhiteElo "2718"]
[BlackElo "2538"]
[TimeControl "180+1"]
[EndTime "11:48:47 PDT"]
[Termination "ElGasanov won by resignation"]

1. Nf3 d5 2. d4 Nf6 3. e3 c6 4. c4 e6 5. Nc3 Nbd7 6. Be2 dxc4 7. a4 Bd6 8. Nd2 e5 9. Nxc4 Bc7 10. b3 O-O 11. Ba3 Re8 12. O-O exd4 13. Qxd4 Ne5 14. Nd6 Bxd6 15. Bxd6 Ng6 16. Rfd1 Be6 17. Qb4 Nd5 18.
Nxd5 Bxd5 19. a5 Re6 20. Bg3 Qe7 21. Qxe7 Rxe7 22. b4 a6 23. Rd4 Re4 24. Rxe4 Bxe4 25. f3 Bd5 26. e4 Be6 27. Rd1 Kf8 28. Bd6+ Ke8 29. f4 Bb3 30. Rd4 Rd8 31. g3 Ne7 32.
Kf2 Nc8 33. Bc5 Rxd4 34. Bxd4 g6 35. Bc5 Kd7 36. Ke3 Nd6 37. Bxd6 Kxd6 38. Kd4 Be6 39. e5+ Kc7 40. Kc5 h5 41. Bf3 Ba2 42. h3 Be6 43. g4 hxg4 44. Bxg4 Ba2 45. f5 gxf5 46. Bxf5 Bb3 47.
h4 Bd1 48. Bd3 Bh5 49. Be4 Bg4 50. Bh7 Bh5 51. Bf5 Bf3 52. Bd3 Bh5 53. Bc4 Bg6 54. Be2 Bf5 55. h5 Bh7 56. Bc4 Bg8 57. h6 Kc8 58.
Kb6 Kb8 59. Bxf7 Bxf7 60. h7 1-0

[Event "*** Titled Tuesday Blitz"]
[Site "Chess.com"]
[Date "2020.05.05"]
[Round "9"]
[White "GM4life"]
[Black "DishonorOnYourCow"]
[Result "1-0"]
[WhiteElo "2187"]
[BlackElo "2320"]
[TimeControl "180+1"]
[EndTime "11:48:47 PDT"]
[Termination "GM4life won on time"]

1. d4 Nf6 2. c4 g6 3. Nc3 d5 4. cxd5 Nxd5 5. e4 Nxc3 6. bxc3 Bg7 7. Nf3 c5 8. Be3 O-O 9. Qd2 b6 10. Bd3 Nd7 11. O-O Bb7 12. Rad1 Nf6 13. d5 e6 14.
c4 exd5 15. exd5 Re8 16. Bg5 Qd7 17. Rfe1 Rxe1+ 18. Rxe1 Re8 19. h3 Ba6 20. Rxe8+ Nxe8 21. Qf4 f6 22. Bh6 g5 23. Bf5 gxf4 24. Bxd7 Bxh6 25. Bxe8 Bxc4 26. d6 Bf8 27. Nd2 Be6 28. Ne4 f5 29. d7 Be7 30. Nd6 Kf8 31. Nb7 Bd5 32. Nd6 Bd8 33. Nxf5 c4 34. Kf1 c3 35. Ke2 c2 36.
Kd2 Bxg2 37. h4 Be4 38. Nd4 Ke7 39. Nxc2 Bd5 40. Nb4 Be6 41. Nc6+ Kd6 42. Nxd8 Bxd7 43. Nf7+ Ke7 44. Bxd7 Kxd7 45. Ng5 h6 46. Nh3 Ke6 47.
Nxf4+ Kf5 48. Ke3 Kg4 49. h5 Kg5 50. a4 a6 51. Ke4 b5 52. axb5 axb5 53. Nd3 Kxh5 54.
Kf5 Kh4 55. Kg6 h5 56. f4 1-0

[Event "*** Titled Tuesday Blitz"]
[Site "Chess.com"]
[Date "2020.05.05"]
[Round "9"]
[White "NikolaGry"]
[Black "Yaacovn"]
[Result "0-1"]
[WhiteElo "2643"]
[BlackElo "2860"]
[TimeControl "180+1"]
[EndTime "11:48:48 PDT"]
[Termination "Yaacovn won by checkmate"]

1. b3 d5 2. Bb2 Nf6 3. Nf3 g6 4. Bxf6 exf6 5. c3 c6 6. g3 Bd6 7. Bg2 f5 8. e3 Nd7 9. c4 Nf6 10. cxd5 Nxd5 11. O-O O-O 12. Nc3 Nxc3 13. dxc3 Qf6 14.
Qc2 Be6 15. Rad1 Rfd8 16. Rd2 Bc7 17. Nd4 Bd5 18. Bxd5 Rxd5 19. Rfd1 Rad8 20. Ne2 R5d6 21. Rd3 Qe7 22. R1d2 Kg7 23. Qd1 h5 24. h4 a6 25.
Rxd6 Rxd6 26. Rxd6 Bxd6 27. Qd3 Be5 28. Kg2 a5 29. a4 Qc5 30. Qd2 b5 31. b4 Qb6 32.
bxa5 Qxa5 33. axb5 Qxb5 34. f3 Qc4 35. Kf2 c5 36. Qc2 Bf6 37. Qd2 Qb5 38. Qc2 Qa5 39.
Qd2 Qa1 40. Kg2 Qb1 41. c4 Qb3 42. Qc1 Qd3 43. Kf2 Be5 44. Nf4 Qd6 45. Qc2 Bxf4 46. gxf4 Qf6 47. Kg3 Qa1 48. Qd2 Qg1+ 49. Qg2 Qxe3 50.
Qb2+ Kg8 51. Qe5 Qxe5 52. fxe5 Kf8 53. Kf4 Ke7 54. Kg5 Ke6 55. f4 Ke7 56. Kh6 Kf8 57. Kh7 g5 58. hxg5 h4 59. e6 h3 60.
exf7 h2 61. g6 h1=Q# 0-1

[Event "*** Titled Tuesday Blitz"]
[Site "Chess.com"]
[Date "2020.05.05"]
[Round "9"]
[White "ThePatrick27"]
[Black "yarosavich"]
[Result "1-0"]
[WhiteElo "2551"]
[BlackElo "2692"]
[TimeControl "180+1"]
[EndTime "11:48:48 PDT"]
[Termination "ThePatrick27 won by resignation"]

1. d4 d5 2. c4 e6 3. Nc3 Be7 4.
Nf3 Nf6 5. Bg5 h6 6. Bh4 O-O 7. cxd5 exd5 8. e3 c6 9. Bd3 Nbd7 10. O-O Re8 11. Rc1 Ne4 12. Bxe7 Qxe7 13. a3 Nd6 14. b4 a6 15. Qb3 Nb6 16. Nd2 Bf5 17. Be2 Qg5 18. Nf3 Qf6 19. Ne5 Be6 20. a4 Nbc4 21.
Nxc4 dxc4 22. Qd1 b5 23. a5 Bd5 24. Bf3 Bxf3 25. Qxf3 Qxf3 26. gxf3 Rad8 27. e4 Nc8 28. Rcd1 Ne7 29. Rfe1 Ng6 30. d5 Ne5 31. dxc6 Nxf3+ 32. Kg2 Nxe1+ 33. Rxe1 Rd6 34. c7 Rc6 35. Nd5 Kf8 36. Kf3 Rc8 37. Ke3 R8xc7 38. Nxc7 Rxc7 39. Kd4 Ke7 40. e5 Ke6 41. f4 c3 42. Kd3 Rc4 43. Rg1 c2 44. Kd2 g6 45. h3 Rxf4 46. Kxc2 Rxb4 47.
Rf1 Rc4+ 48. Kd3 Rc5 49. Rf6+ Ke7 50. Rxa6 Rxe5 51. Rb6 b4 52. a6 Ra5 53. Kc4 b3 54. Kxb3 h5 55. Kb4 Ra1 56. Kc5 Kf8 57. Kc6 g5 58. Kb7 g4 59. hxg4 hxg4 60. a7 Rxa7+ 61.
Kxa7 Kg7 62. Ka6 f5 63. Kb5 g3 64. Kc4 f4 65. Kd3 f3 66. Ke3 g2 67. Kf2 1-0

[Event "*** Titled Tuesday Blitz"]
[Site "Chess.com"]
[Date "2020.05.05"]
[Round "9"]
[White "Bastiandash"]
[Black "TheoSlade"]
[Result "1-0"]
[WhiteElo "2115"]
[BlackElo "2250"]
[TimeControl "180+1"]
[EndTime "11:48:48 PDT"]
[Termination "Bastiandash won on time"]

1. d4 Nf6 2. Nf3 d5 3. c3 Bf5 4.
Bg5 e6 5. e3 Be7 6. Bd3 Bxd3 7.
Qxd3 O-O 8. Nbd2 c5 9. O-O Nc6 10. Ne5 Nd7 11. Bxe7 Qxe7 12. f4 Ncxe5 13. fxe5 f6 14.
exf6 Nxf6 15. e4 dxe4 16. Nxe4 cxd4 17. Qxd4 Nxe4 18. Qxe4 Rad8 19. Rxf8+ Rxf8 20. Re1 Kh8 21. Qxe6 Qc5+ 22. Qe3 Qb5 23. b3 Qa5 24. Re2 Qf5 25. h3 Qf1+ 26. Kh2 h6 27. Re1 Qa6 28. Re2 Qd6+ 29.
Qg3 Qc5 30. Re5 Qd6 31. Re4 Qc5 32.
Rc4 Qg5 33. Rc7 Qxg3+ 34. Kxg3 Rb8 35. Kf4 Kg8 36. Kf5 Rf8+ 37. Ke4 Rf2 38. Rxb7 Rxa2 39. Kf3 a5 40. c4 a4 41. bxa4 Rxa4 42. Rc7 Ra3+ 43.
Kf4 Rc3 44. h4 Rc2 45. g4 Rf2+ 46. Ke4 Rc2 47. Kf4 Rf2+ 48. Kg3 Rc2 49. c5 Rc4 50. g5 h5 51. g6 Kf8 52. Rf7+ Kg8 53. Rf5 1-0

[Event "*** Titled Tuesday Blitz"]
[Site "Chess.com"]
[Date "2020.05.05"]
[Round "9"]
[White "MarcoCorvi"]
[Black "Shushik"]
[Result "0-1"]
[WhiteElo "2224"]
[BlackElo "2061"]
[TimeControl "180+1"]
[EndTime "11:48:50 PDT"]
[Termination "Shushik won by resignation"]

1. c4 e6 2. Nc3 d5 3. cxd5 exd5 4. d4 Nf6 5. Bg5 c6 6. e3 Be7 7. Bd3 Bg4 8. Qc2 Bh5 9. Nge2 Bg6 10. O-O Na6 11. a3 Nc7 12. Rae1 O-O 13. Ng3 Ne6 14. Bxf6 Bxf6 15. f4 Bxd3 16. Qxd3 Re8 17. Kh1 Bh4 18. Rf3 Qb6 19. Re2 Bxg3 20. Rxg3 Rad8 21. f5 Nf8 22. f6 Ng6 23. fxg7 c5 24. h4 cxd4 25. exd4 Rxe2 26. Nxe2 Qf6 27. h5 Nf4 28. Nxf4 Qxf4 29. Qf3 Qh4+ 30. Rh3 Qxd4 31. h6 Re8 32. Kh2 Qe5+ 33. Rg3 Re6 34. Qc3 Rxh6+ 35. Kg1 Qxc3 36.
Rxc3 Kxg7 37. Rc7 Rb6 38. b4 Kf6 39. Kf2 Ke6 40. Ke3 h5 41. Kd4 h4 42. Rc5 Rc6 43. Ra5 Rc4+ 44. Kd3 a6 45. b5 Rc5 46. a4 axb5 47. axb5 b6 48. Ra4 Rxb5 49. Rxh4 Rb3+ 50. Kd2 Rb2+ 51. Kd3 Rxg2 52. Rh6+ f6 53. Rh8 Ke5 54. Re8+ Kf4 55. Kd4 f5 56. Kxd5 Kf3 57. Ke5 Re2+ 58. Kxf5 Rxe8 0-1

[Event "*** Titled Tuesday Blitz"]
[Site "Chess.com"]
[Date "2020.05.05"]
[Round "9"]
[White "tan275"]
[Black "Ariadna_Atreides"]
[Result "0-1"]
[WhiteElo "2164"]
[BlackElo "2011"]
[TimeControl "180+1"]
[EndTime "11:48:50 PDT"]
[Termination "Ariadna_Atreides won on time"]

1. d4 e6 2. c4 Bb4+ 3. Bd2 Qe7 4. g3 c5 5. Nf3 Nc6 6. Bxb4 cxb4 7. Bg2 Nf6 8. a3 bxa3 9. Nxa3 O-O 10. O-O d5 11. c5 Bd7 12. Rb1 b6 13. b4 a5 14.
b5 Nb4 15. c6 Bc8 16. Nc2 Nxc2 17. Qxc2 Qc7 18. Ne5 Ne8 19. e4 dxe4 20. Bxe4 g6 21. h4 Nd6 22. Bd3 f6 23. Nf3 Kg7 24. h5 f5 25. Ne5 g5 26. Kg2 Ra7 27. h6+ Kh8 28. Qe2 f4 29. Qh5 Nf5 30. Bxf5 exf5 31. Rfe1 fxg3 32.
fxg3 Be6 33. Kh2 f4 34. gxf4 gxf4 35. Qf3 Qe7 36. Qh5 Qf6 37. Rg1 f3 38. Rg7 Rxg7 39. hxg7+ Qxg7 40. Rg1 Qf6 41. Kh1 f2 42. Rf1 Qf4 43.
Qe2 Bd5+ 44. Nf3 Qh4+ 0-1

[Event "*** Titled Tuesday Blitz"]
[Site "Chess.com"]
[Date "2020.05.05"]
[Round "9"]
[White "chito89"]
[Black "GHANDEEVAM2003"]
[Result "0-1"]
[WhiteElo "2794"]
[BlackElo "2892"]
[TimeControl "180+1"]
[EndTime "11:48:52 PDT"]
[Termination "GHANDEEVAM2003 won on time"]

1. d4 d5 2. c4 e6 3. Nf3 Nf6 4. g3 dxc4 5. Bg2 Bd7 6. Ne5 Bc6 7. Nxc6 Nxc6 8. e3 Qd7 9. O-O h5 10. Nd2 h4 11. Nxc4 Nd5 12. e4 Nb6 13. Nxb6 axb6 14. Be3 Be7 15. a3 hxg3 16. hxg3 O-O-O 17. Qa4 Kb8 18. Rfd1 Bf6 19. Qc4 Nxd4 20. Rac1 e5 21.
Bxd4 exd4 22. f4 g5 23. e5 Be7 24. Kf1 d3 25. Rc3 gxf4 26. Rdxd3 Qc8 27. gxf4 Rxd3 28. Rxd3 Qg4 29. Qe4 c6 30. b4 b5 31. f5 Qg5 32. f6 Bd8 33. Rd7 Bc7 34. Rxf7 Rd8 35. Bf3 Qc1+ 36. Kg2 Qb2+ 37. Kh3 Rh8+ 38. Rh7 Rxh7+ 39.
Qxh7 Qxe5 40. Qg8+ Ka7 41. Qg1+ Bb6 42. Qg7 Bc7 43.
Qg1+ Ka6 44. Qg7 Qh2+ 45. Kg4 Qg3+ 46. Kf5 Qxf3+ 47. Ke6 Qd5+ 48. Ke7 Bd6+ 49. Ke8 Qe6+ 50. Kd8 Kb6 0-1

[Event "*** Titled Tuesday Blitz"]
[Site "Chess.com"]
[Date "2020.05.05"]
[Round "9"]
[White "RitvarsReimanis"]
[Black "StockholmMissile"]
[Result "0-1"]
[WhiteElo "2534"]
[BlackElo "2432"]
[TimeControl "180+1"]
[EndTime "11:48:52 PDT"]
[Termination "StockholmMissile won by checkmate"]

1. d4 d5 2. c4 c6 3. Nf3 Nf6 4.
e3 a6 5. Bd2 e6 6. Nc3 Nbd7 7.
Qc2 dxc4 8. Bxc4 b5 9. Be2 c5 10. e4 cxd4 11. Nxd4 Bb7 12. f3 Bc5 13. Be3 Qb6 14.
O-O-O e5 15. Nf5 Bxe3+ 16. Kb1 O-O 17. g4 Rfd8 18. g5 Ne8 19. Ne7+ Kh8 20. Qb3 Qe6 21. Ned5 Bxd5 22. exd5 Qg6+ 23. Bd3 Qxg5 24. Ne4 Qh6 25. Qa3 Nef6 26. Nd6 Rf8 27. h4 Qf4 28. Be4 Bd4 29. Qa5 Bc5 30. Nb7 Nxe4 31. fxe4 Qxe4+ 32. Ka1 Bb6 33. Qa3 b4 34. Qa4 Nc5 35. Qc6 Nxb7 36. Qxb6 Rab8 37.
d6 h6 38. d7 Rfd8 39. Rhf1 f6 40. Qc7 Qe3 41. Rd5 e4 42. Qc6 Qe2 43. Rdd1 e3 44. Rde1 Qd3 45. Rd1 e2 46. Qc1 exd1=Q 47. Rxd1 Qf5 48. Rf1 Qxd7 49. a3 Qd2 50. Qc7 bxa3 51.
bxa3 Qd4+ 52. Ka2 Nc5 53. Qh2 Qc4+ 54. Ka1 Nb3+ 55. Ka2 Nd2+ 56. Ka1 Qc3+ 57. Ka2 Qb2# 0-1

[Event "*** Titled Tuesday Blitz"]
[Site "Chess.com"]
[Date "2020.05.05"]
[Round "9"]
[White "GasconJR"]
[Black "Alexander_Donchenko"]
[Result "1-0"]
[WhiteElo "2631"]
[BlackElo "2776"]
[TimeControl "180+1"]
[EndTime "11:48:55 PDT"]
[Termination "GasconJR won by checkmate"]

1. Nf3 Nf6 2. g3 b5 3. Bg2 Bb7 4. O-O e6 5. d3 c5 6. e4 d6 7. Re1 Be7 8. Nbd2 O-O 9. c3 Nc6 10. a3 Qb6 11. b4 Rfd8 12. Rb1 a5 13. Bf1 axb4 14. axb4 cxb4 15. cxb4 Ng4 16. d4 d5 17. exd5 Rxd5 18. Qe2 Bxb4 19. Rd1 Nf6 20. Nb3 Bf8 21. Be3 b4 22. Nc5 Rdd8 23. Qc2 Nd5 24. Nxb7 Qxb7 25. Ng5 g6 26. Bg2 Rac8 27. Qb3 Na5 28. Qa4 Nc4 29. Ne4 Bg7 30. Bg5 Ra8 31.
Qb3 Rdc8 32. Nc5 Rxc5 33. dxc5 Ne5 34. Rbc1 Rc8 35. c6 Rxc6 36. Bxd5 exd5 37. Qxd5 Rxc1 38. Qxb7 Rxd1+ 39. Kg2 h6 40. Qb8+ Kh7 41. Bf4 Nd3 42. Qb5 Nxf4+ 43. gxf4 Rb1 44. f5 g5 45. f6 Bxf6 46.
Qf5+ Kg7 47. Qxb1 Bc3 48. Qb3 h5 49. Kf3 Kg6 50. Ke4 Kf6 51. f3 Kg6 52. h3 f5+ 53. Kd3 g4 54. fxg4 fxg4 55. hxg4 hxg4 56. Ke4 Kg5 57. Qd5+ Kh4 58. Kf4 Kh3 59. Qh1# 1-0

[Event "*** Titled Tuesday Blitz"]
[Site "Chess.com"]
[Date "2020.05.05"]
[Round "9"]
[White "atwalcb"]
[Black "AcsinteMatei"]
[Result "1/2-1/2"]
[WhiteElo "2241"]
[BlackElo "2379"]
[TimeControl "180+1"]
[EndTime "11:48:55 PDT"]
[Termination "Game drawn - insufficient material"]

1. d4 Nf6 2. Bg5 e6 3. e4 h6 4. Bxf6 Qxf6 5. c3 g5 6. Nd2 d6 7. Bd3 Bg7 8. Ne2 Nd7 9. O-O Nf8 10. f4 gxf4 11. Nxf4 Qe7 12. Nh5 Qg5 13. Qf3 f6 14. Nxg7+ Qxg7 15. Qxf6 Qxf6 16. Rxf6 Bd7 17. Raf1 O-O-O 18. Nf3 Be8 19. e5 Bh5 20. Be4 Bg4 21. exd6 cxd6 22.
Rf7 Nd7 23. h3 Bh5 24. Re7 Rde8 25. Rxe8+ Rxe8 26. g4 Bf7 27. Nh4 Re7 28. Bg6 Bxg6 29. Nxg6 Rg7 30. Nf4 e5 31. Nh5 Re7 32. dxe5 dxe5 33.
Re1 Nc5 34. Ng3 Kc7 35. Nf5 Re6 36. b4 Nd3 37. Re3 Nf4 38. c4 a6 39. c5 e4 40. Nd6 Nd5 41. Rxe4 Rxe4 42. Nxe4 Nxb4 43. Ng3 Nxa2 44. Kf2 a5 45. Ke3 Kc6 46. Kd4 Nb4 47. Kc4 Nd5 48. Nf5 Nf4 49. Nxh6 Nxh3 50. Nf5 Ng5 51.
Nd4+ Kc7 52. Kb5 Nf7 53. Kxa5 Ng5 54. Kb5 Ne4 55. Nf3 Nc3+ 56. Kc4 Ne4 57. g5 b6 58. g6 bxc5 59. Ng5 Nf6 60. Nh7 Ng8 61. Kxc5 Kd7 62. Kd5 Ke7 63. Ke5 Nh6 64. Kf4 Ng8 65. Kg5 Ke8 66. Kf5 Ne7+ 67. Kf6 Nxg6 1/2-1/2

[Event "*** Titled Tuesday Blitz"]
[Site "Chess.com"]
[Date "2020.05.05"]
[Round "9"]
[White "fmshawnrl123"]
[Black "Indianlad"]
[Result "1-0"]
[WhiteElo "2719"]
[BlackElo "2894"]
[TimeControl "180+1"]
[EndTime "11:48:56 PDT"]
[Termination "fmshawnrl123 won by checkmate"]

1. c4 e5 2. g3 c6 3. d4 e4 4. Nc3 d5 5. Bg2 h6 6. f3 f6 7. fxe4 dxc4 8. Nf3 Bb4 9. O-O Ne7 10. e5 O-O 11. exf6 Rxf6 12. e4 Bg4 13. a3 Ba5 14. Be3 Nd7 15. h3 Bh5 16. Qe2 b5 17. Rae1 a6 18. g4 Bg6 19. g5 hxg5 20. Bxg5 Re6 21. Qf2 Bb6 22. Kh1 Nf8 23. Qh4 Nh7 24. d5 Nxg5 25. dxe6 Nxe6 26. Ne5 Bd4 27. Rd1 c5 28. Nxg6 Nxg6 29. Qg4 Qe8 30. Nd5 Rd8 31. Rf5 Bxb2 32. Rdf1 c3 33. Nf6+ gxf6 34. Rxf6 Nf8 35. Rxf8+ Qxf8 36. Rxf8+ Kxf8 37. Qxg6 Rd1+ 38. Kh2 c2 39. Qf5+ Ke7 40.
Qxc5+ Ke6 41. Qc6+ Ke7 42. Qc7+ Kf6 43. Qc6+ Kf7 44.
Qc7+ Kg6 45. Qc6+ Kg5 46. h4+ Kxh4 47. Qh6+ Kg4 48. Qg6+ Kh4 49. Qg3+ Kh5 50. Bf3+ Kh6 51. Qf4+ Kg7 52. Qc7+ Kg6 53. Qxc2 Be5+ 54. Kg2 Rd6 55. Qc8 Kf6 56. Qf5+ Ke7 57. Qxe5+ Re6 58. Qc7+ Kf6 59. e5+ Rxe5 60. Qd8+ Kf5 61. Qf8+ Kg5 62. Kg3 Rf5 63.
Qg7# 1-0

[Event "*** Titled Tuesday Blitz"]
[Site "Chess.com"]
[Date "2020.05.05"]
[Round "9"]
[White "Borsuk_Konstantin"]
[Black "m_ezat"]
[Result "0-1"]
[WhiteElo "2619"]
[BlackElo "2502"]
[TimeControl "180+1"]
[EndTime "11:48:56 PDT"]
[Termination "m_ezat won by resignation"]

1. d4 Nf6 2. c4 g6 3. Nc3 Bg7 4. e4 d6 5. f3 O-O 6. Be3 c5 7. dxc5 dxc5 8. Qxd8 Rxd8 9. Bxc5 Nc6 10. Nge2 Nd7 11. Ba3 Nde5 12. Nf4 e6 13. Be2 Nd4 14. O-O-O Bh6 15. g3 b6 16. Be7 Rd7 17. Bf6 Nexf3 18. Bxf3 Nxf3 19. e5 Bg7 20. Ne4 Nxe5 21. Bxe5 Bxe5 22.
b3 Rxd1+ 23. Rxd1 Bb7 24. Nd6 Bc6 25. b4 Rd8 26. c5 bxc5 27. bxc5 Rb8 28. Nd3 Bd4 29.
Rf1 f5 30. Re1 Bd5 31. Nf4 Bxa2 32. Nxe6 Rb1+ 33. Kc2 Rxe1 34. Nxd4 Bd5 35. c6 Bxc6 36. Nxc6 Re6 37. Nxa7 Rxd6 38. Nb5 Re6 39. Kd3 Kg7 40.
Nd4 Re8 41. Nf3 Rd8+ 42. Ke3 Kf6 43. Kf2 Re8 44. h4 Ra8 45. Ng1 Ra2+ 46. Kf3 Ra3+ 47.
Kf2 h6 48. Nf3 Ra2+ 49. Ke3 Ra4 50. Kf2 g5 51. hxg5+ hxg5 52. Ke3 g4 53. Ne1 Ra3+ 54. Kf2 Rc3 55. Ng2 Kg5 56. Nf4 Rf3+ 57. Kg2 Rxf4 58. gxf4+ Kxf4 0-1

[Event "*** Titled Tuesday Blitz"]
[Site "Chess.com"]
[Date "2020.05.05"]
[Round "9"]
[White "BvsN"]
[Black "bait_or_mate"]
[Result "0-1"]
[WhiteElo "2385"]
[BlackElo "2538"]
[TimeControl "180+1"]
[EndTime "11:48:56 PDT"]
[Termination "bait_or_mate won by checkmate"]

1. d4 Nf6 2. c4 e6 3. Nc3 Bb4 4. f3 c5 5. d5 O-O 6. e4 b5 7. Bd2 d6 8. Nxb5 exd5 9. cxd5 Re8 10. Bxb4 cxb4 11. Be2 Na6 12. g4 Nxe4 13. fxe4 Qh4+ 14. Kf1 Nc5 15. Nf3 Qh3+ 16. Ke1 Rxe4 17. Nxd6 Qxf3 18. Rf1 Nd3+ 19. Kd2 Qe3+ 20. Kc2 b3+ 21. axb3 Nb4+ 22. Kb1 Qxe2 23. Qxe2 Rxe2 24. Ra4 Nxd5 25. Rxf7 Re6 26. Rf5 Rxd6 27. Re5 Be6 28. Rae4 Bf7 29. Rd4 Rad8 30. b4 Nb6 31. Rxd6 Rxd6 32. Rc5 h6 33. Rc7 Bg6+ 34. Ka2 a6 35. Ra7 Bd3 36. b3 Bb5 37. Rb7 Rd2+ 38.
Kb1 Nd5 39. Rb8+ Kh7 40. h4 Nxb4 41. g5 hxg5 42. hxg5 Nd5 43. g6+ Kxg6 44. b4 Nxb4 45. Ka1 Nd5 46. Rd8 Kf6 47. Rd6+ Ke5 48. Rd8 Kd4 49. Kb1 Kc4 50. Kc1 Rh2 51. Rc8+ Kd3 52. Rd8 Bc4 53. Kb1 g5 54. Ka1 g4 55.
Rg8 Ne3 56. Rd8+ Kc3 57. Kb1 Rh1+ 58. Rd1 Rxd1# 0-1